 Dungeon Crawl Stone Soup version 0.29-a0-330-g52719c12eb (webtiles) character file.

Game seed: 294546055850183877

1633839 Anon1729 the Alchemist (level 27, 274/274 HPs)
             Began as a Yellow Draconian Transmuter on Apr 22, 2022.
             Was a High Priest of Fedhas.
             Escaped with the Orb
             ... and 4 runes on Apr 24, 2022!
             The game lasted 13:07:30 (154820 turns).

Anon1729 the Alchemist (DrTm)                     Turns: 154820, Time: 13:07:30

Health: 274/274    AC: 30    Str: 14    XL:     27
Magic:  29/29      EV: 19    Int: 22    God:    Fedhas [*****.]
Gold:   3188       SH: 13    Dex: 15    Spells: 1/55 levels left

rFire   + + .      SeeInvis +     - Unarmed
rCold   + + +      Faith    .   V - +2 buckler {rF+}
rNeg    + . .      Spirit   .   (body armour unavailable)
rPois   ∞          Reflect  +   D - +2 hat {Stlth+}
rElec   +          Harm     .   J - scarf {rC+ rF+}
rCorr   +          Rampage  .   (gloves currently unavailable)
Will    +++..                   (boots currently unavailable)
Stlth   +.........              M - amulet of reflection
HPRegen 0.55/turn               Z - ring of Scepticism {Fly rC++ Will+ Int+3}
MPRegen 0.21/turn               H - ring of Polytheism {rElec rPois SInv}

@: statue-form, flying, hasted
A: slow and powerful, torment resistance 1, boosted hp, (spit acid), AC +13,
unfitting armour, acidic bite, cold-blooded, acid resistance, antennae 1, hooves
1, stinger 1, dopey 1, frail 1, low MP 3, weak 1
0: Orb of Zot
}: 4/15 runes: decaying, slimy, abyssal, gossamer
a: End Transformation, Renounce Religion, Wall of Briars, Grow Ballistomycete,
Overgrow, Grow Oklob


You escaped.
You worshipped Fedhas.
Fedhas was extremely pleased with you.
You were a living statue of rough stone.
You visited 12 branches of the dungeon, and saw 56 of its levels.
You visited the Abyss 4 times.
You also visited: Bailey, Ice Cave and Volcano.

You collected 7358 gold pieces.
You spent 4170 gold pieces at shops.

Inventory:

Hand Weapons
 m - the +5 dagger of Evil {vorpal, Will- Str+2 Int+7 Dex+2}
   (You found it in an ice cave)

   It inflicts extra damage upon your enemies.
   Str:       It affects your strength (+2).
   Int:       It affects your intelligence (+7).
   Dex:       It affects your dexterity (+2).
   Will:      It decreases your willpower.
Missiles
 b - 19 curare-tipped darts
Armour
 d - the +2 pair of gloves of Worgh (melded) {rElec rC++ Int+2}
   (You bought it in a shop on level 1 of the Vaults)

   Int:       It affects your intelligence (+2).
   rC:        It greatly protects you from cold.
   rElec:     It insulates you from electricity.
 h - a +2 cloak of willpower
 t - a +2 pair of boots (melded)
 D - a +2 hat of stealth (worn)
 J - a scarf of resistance (worn)
 R - the +4 buckler "Meiwai" {Contam rC+ SInv}
   (You acquired it on level 10 of the Dungeon)

   rC:        It protects you from cold.
   SInv:      It lets you see invisible.
   Contam:    It causes magical contamination when unequipped.
 V - a +2 buckler of fire resistance (worn)
Jewellery
 c - the ring "Ziculada" {*Slow rElec Str+6 Int+8}
   (You took it off a deep elf blademaster on level 3 of the Elven Halls)

   [ring of strength]

   Str:       It affects your strength (+6).
   Int:       It affects your intelligence (+8).
   rElec:     It insulates you from electricity.
   *Slow:     It may slow you when you take damage.
 k - a ring of protection from fire
 H - the ring of Polytheism (right fist) {rElec rPois SInv}
   (You bought it in a shop on level 4 of the Dungeon)

   [ring of see invisible]

   rElec:     It insulates you from electricity.
   rPois:     It protects you from poison.
   SInv:      It lets you see invisible.
 M - an amulet of reflection (around neck)
 S - the ring "Riorov" {Will+ Int+4 Dex+6}
   (You found it on level 5 of the Pits of Slime)

   [ring of dexterity]

   Int:       It affects your intelligence (+4).
   Dex:       It affects your dexterity (+6).
   Will:      It increases your willpower.
 Z - the ring of Scepticism (left fist) {Fly rC++ Will+ Int+3}
   (You found it on level 6 of the Lair of Beasts)

   [ring of flight]

   Int:       It affects your intelligence (+3).
   rC:        It greatly protects you from cold.
   Fly:       It grants you flight.
   Will:      It increases your willpower.
Wands
 a - a wand of paralysis (22)
 p - a wand of charming (17)
 v - a wand of flame (89)
 A - a wand of polymorph (27)
 K - a wand of acid (36)
 N - a wand of iceblast (18)
 T - a wand of digging (14)
Scrolls
 f - 5 scrolls of magic mapping
 g - 14 scrolls of immolation
 l - 11 scrolls of fear
 n - 11 scrolls of fog
 r - 4 scrolls of holy word
 u - 12 scrolls of amnesia
 y - 16 scrolls of teleportation
 B - 10 scrolls of vulnerability
 U - 7 scrolls of blinking
 X - 3 scrolls of silence
 Y - a scroll of summoning
Potions
 e - 10 potions of mutation
 i - 21 potions of ambrosia
 j - 14 potions of attraction
 o - 6 potions of cancellation
 q - 18 potions of curing
 s - 11 potions of heal wounds
 w - 16 potions of lignification
 x - 2 potions of magic
 z - 8 potions of brilliance
 C - 5 potions of haste
 E - 7 potions of berserk rage
 I - 4 potions of resistance
 L - 13 potions of might
 P - 4 potions of invisibility
Miscellaneous
 F - a phial of floods
 G - a tin of tremorstones (2/2)
 O - a phantom mirror
 Q - a condenser vane
 W - a lightning rod (4/4)


   Skills:
 - Level 17.0 Fighting
 - Level 14.5 Dodging
 - Level 1.0 Stealth
 - Level 8.4 Shields
 - Level 19.7 Unarmed Combat
 - Level 14.7 Spellcasting
 - Level 12.2 Hexes
 - Level 19.3 Translocations
 - Level 20.0 Transmutations
 - Level 14.1 Fire Magic
 - Level 10.0 Earth Magic
 - Level 17.1 Invocations
 + Level 15.3 Evocations


You had one spell level left.
You knew the following spells:

 Your Spells              Type           Power      Damage    Failure   Level
a - Beastly Appendage     Tmut           100%       N/A       0%          1
b - Wereblood             Tmut           81%        N/A       0%          2
c - Spider Form           Tmut/Pois      56%        N/A       1%          3
d - Cause Fear            Hex            31%        N/A       1%          4
e - Statue Form           Tmut/Erth      46%        N/A       1%          6
f - Gell's Gravitas       Tloc           79%        N/A       0%          3
g - Dispersal             Tloc           39%        N/A       1%          6
h - Yara's Violent Unrav  Hex/Tmut       36%        3d15      1%          5
i - Passage of Golubria   Tloc           79%        N/A       0%          4
j - Blink                 Tloc           100%       N/A       0%          2
k - Lesser Beckoning      Tloc           79%        N/A       0%          3
l - Apportation           Tloc           100%       N/A       0%          1
m - Passwall              Tmut/Erth      58%        N/A       0%          2
n - Inner Flame           Hex/Fire       65%        N/A       1%          3
o - Manifold Assault      Tloc           79%        N/A       1%          5
p - Iskenderun's Mystic   Conj/Tloc      56%        2d12      1%          4

Your spell library contained the following spells:

 Spells                   Type           Power      Damage    Failure   Level
 Sandblast                Erth           100%       2d20      1%          1
 Slow                     Hex            100%       N/A       1%          1
 Sting                    Tmut/Pois      100%       1d8       1%          1
 Animate Skeleton         Necr           32%        N/A       4%          1
 Magic Dart               Conj           64%        1d6       4%          1
 Pain                     Necr           64%        1d7       4%          1
 Shock                    Conj/Air       64%        1d7       4%          1
 Summon Small Mammal      Summ           64%        N/A       4%          1
 Teleport Other           Tloc           79%        N/A       0%          3
 Ensorcelled Hibernation  Hex/Ice        86%        N/A       1%          2
 Scorch                   Fire           100%       2d10      1%          2
 Confusing Touch          Hex            63%        N/A       1%          3
 Dazzling Flash           Conj/Hex       86%        N/A       1%          3
 Portal Projectile        Hex/Tloc       100%       N/A       1%          3
 Stone Arrow              Conj/Erth      76%        3d11      1%          3
 Ice Form                 Ice/Tmut       56%        N/A       1%          4
 Leda's Liquefaction      Hex/Erth       30%        N/A       1%          4
 Alistair's Intoxication  Tmut/Pois      37%        N/A       1%          5
 Blade Hands              Tmut           40%        N/A       1%          5
 Lee's Rapid Deconstruct  Erth           28%        3d16*     1%          5
 Flame Wave               Conj/Fire      47%        2d10      2%          4
 Fulminant Prism          Conj/Hex       21%        3d13      3%          4
 Call Imp                 Summ           16%        N/A       7%          2
 Corpse Rot               Necr/Air       32%        N/A       7%          2
 Poisonous Vapours        Pois/Air       32%        N/A       7%          2
 Static Discharge         Conj/Air       16%        N/A       7%          2
 Fireball                 Conj/Fire      23%        3d11      7%          5
 Metabolic Englaciation   Hex/Ice        21%        N/A       11%         5
 Silence                  Hex/Air        21%        N/A       11%         5
 Summon Mana Viper        Hex/Summ       43%        N/A       11%         5
 Disjunction              Tloc           39%        N/A       11%         8
 Eringya's Noxious Bog    Tmut/Pois      28%        N/A       12%         6
 Call Canine Familiar     Summ           16%        N/A       14%         3
 Frozen Ramparts          Ice            32%        1d5       14%         3
 Mephitic Cloud           Conj/Pois/Air  16%        N/A       14%         3
 Ozocubu's Armour         Ice            16%        N/A       14%         3
 Swiftness                Air            16%        N/A       14%         3
 Vampiric Draining        Necr           16%        2d7       14%         3
 Borgnjor's Vile Clutch   Necr/Erth      19%        N/A       16%         5
 Starburst                Conj/Fire      23%        6d8       36%         6
 Airstrike                Air            8%         N/A       41%         4
 Animate Dead             Necr           8%         N/A       41%         4
 Dispel Undead            Necr           16%        3d10      41%         4
 Olgreb's Toxic Radiance  Pois           16%        N/A       41%         4
 Summon Ice Beast         Ice/Summ       16%        N/A       41%         4
 Summon Lightning Spire   Summ/Air       16%        N/A       41%         4
 Storm Form               Tmut/Air       28%        N/A       54%         7
 Malign Gateway           Summ/Tloc      28%        N/A       58%         7
 Ignition                 Fire           34%        3d10      65%         8
 Agony                    Necr           16%        N/A       77%         5
 Excruciating Wounds      Necr           8%         N/A       77%         5
 Lightning Bolt           Conj/Air       8%         1d20      77%         5
 Discord                  Hex            31%        N/A       89%         8
 Death Channel            Necr           8%         N/A       100%        6
 Simulacrum               Ice/Necr       8%         N/A       100%        6
 Summon Cactus Giant      Summ           8%         N/A       100%        6
 Haunt                    Necr/Summ      8%         N/A       100%        7
 Ozocubu's Refrigeration  Ice            8%         4d6       100%        7
 Infestation              Necr           8%         N/A       100%        8
 Maxwell's Capacitive Co  Air            8%         ∞         100%        8
 Summon Horrible Things   Summ           8%         N/A       100%        8
 Polar Vortex             Ice            8%         N/A       100%        9
 Animate Armour           Summ/Erth      Unusable   N/A       N/A         4

Dungeon Overview and Level Annotations

Branches:
Dungeon (15/15)            Temple (1/1) D:4            Lair (6/6) D:8
  Swamp (4/4) Lair:2       Spider (4/4) Lair:3        Slime (5/5) Lair:6
    Orc (2/2) D:9             Elf (3/3) Orc:2        Vaults (4/5) D:13
  Crypt (3/3) Vaults:2       Tomb (0/3) Crypt:3      Depths (4/4) D:15
    Zot (5/5) Depths:4     Bailey (visited)           IceCv (visited)
Volcano (visited)

Altars:
Ashenzari
Cheibriados
Dithmenos
Elyvilon
Fedhas
Gozag
Hepliaklqana
Kikubaaqudgha
Makhleb
Nemelex Xobeh
Okawaru
Qazlal
Ru
Sif Muna
Trog
Uskayaw
Vehumet
Wu Jian
Xom
Yredelemnul
Zin
The Shining One
Jiyva
Lugonu

Shops:
D:4 [*=[   D:11 (   Orc:2 ?*=[=   Elf:1 [   Vaults:1 *?*(!   Vaults:3 [
Vaults:4 :   Depths:4 :

Portals:
Hell: Depths:1 Depths:2 Depths:3 Depths:4
Abyss: D:7 Depths:1 Depths:3 Depths:4
Pandemonium: Depths:1 Depths:2
Ziggurat: Depths:1

Annotations:
D:11 2 transporters, hark's ghost, journeyman MiFi
Lair:5 exclusions: downstairs and 1 more exclusion
Lair:6 exclusion: obsidian statue
Spider:3 exclusion: downstairs
Orc:1 exclusion: downstairs
Elf:2 3 runed translucent doors
Vaults:1 2 transporters, exclusion: obsidian statue
Crypt:3 exclusion: 4 doors
Depths:1 exclusions: angel, daeva and 2 more exclusions
Depths:4 6 runed translucent doors
Zot:1 3 runed translucent doors, Zuol's ghost, legendary DsDe


Innate Abilities, Weirdness & Mutations

You are a living statue of rough stone.
Your actions are slow, but your melee attacks are powerful.
You are resistant to unholy torment.
Your maximum health is greatly increased.
You are immune to poison.
Your equipment is partially melded.
((You can spit globs of acid.))
((Your golden yellow scales are hard. (AC +13)))
You cannot fit into any form of body armour.
You have acidic saliva.
You are cold-blooded and may be slowed by cold attacks.
You are resistant to acid. (rCorr)
You have a pair of small antennae on your head.
You have large cloven feet.
Your tail ends in a venomous barb.
You are dopey. (Int -2)
You are frail. (-10% HP)
Your magical capacity is extremely low. (-30% MP)
You are weak. (Str -2)


Message History

The angel hits you but does no damage. x3
The Ice Fiend gestures at you. The bolt of cold misses you.
Blink to where?
Press: ? - help, Dir - move target, p - Ice Fiend
As you read the scroll of blinking, it crumbles to dust.
The Ice Fiend gestures at you.
The bolt of cold hits you but does no damage.
You resist.
You fly upwards.
There is a stone staircase leading down here.
You feel yourself speed up.
A Brimstone Fiend comes into view.
Casting: Lesser Beckoning (safe; 0% risk of failure)
Confirm with . or Enter, or press ? or * to list all spells.
Aiming: Passwall (safe; 0% risk of failure)
Press: ? - help, Dir - move target A rock wall.
This square is covered in magical glow.
You begin to meditate on the wall.
You continue meditating on the rock. x3
You finish merging with the rock.
Casting: Passwall (safe; 0% risk of failure)
Confirm with . or Enter, or press ? or * to list all spells.
Aiming: Passwall (safe; 0% risk of failure)
Press: ? - help, Dir - move target A rock wall.
This square is covered in magical glow.
You begin to meditate on the wall.
You continue meditating on the rock. x2
Your extra speed is starting to run out.
You finish merging with the rock.
There is an open door here.
You feel yourself slow down.
A soul eater comes into view.
A demonspawn black sun comes into view.
It is wielding a +2 demon whip of electrocution.
The demonspawn black sun shouts!
There is a staircase leading out of the dungeon here.
You feel yourself speed up.
You can't go down here!
Magic restored.
You have escaped!

.....# ###########.....##....
.....#######.........####..####..
.......##...####'####...##..####.
......##.#### #...# ####.##...###
......#.## #...# ##.###....
.....##.#### ###'########.#######
.....#.##≈.###.....##..≈##.####..
##..##)#≈≈§.#.......#..≈≈#.#....#
##....#≈≈..'...8...'..≈≈#...####
#..#.#≈≈..#.......#..≈≈#.#.....
#..#.##≈.###..6..##..≈##.#.####
#.†##.#### ###'########.##.....
#...#.## #...# ##.#......
#...##.#### #.3.# ####.##......
#....##...####'####...##.......
##....####.........####........
##.#...############.##........


You could see a demonspawn black sun and a soul eater.

Vanquished Creatures
  the Royal Jelly (Slime:5)
  2 dread liches (Zot:5)
  5 orbs of fire
  3 ancient liches (Zot:5)
  Josephina (Crypt:1)
  the Lernaean hydra (Swamp:4)
  2 curse toes
  Margery (Vaults:3)
  2 Killer Klowns (Zot:5)
  2 caustic shrikes
  14 golden dragons
  2 profane servitors (Crypt:3)
  the Enchantress (Depths:4)
  3 bone dragons
  22 tentacled monstrosities
  Jorgrun (Orc:2)
  6 electric golems
  5 liches
  Mlioglotl (Lair:2)
  2 titans
  A walking earthen tome (Depths:2)
  26 Orb Guardians
  An Executioner (Depths:2)
  2 deep elf blademasters (Elf:3)
  6 quicksilver dragons
  A deep elf master archer (Elf:3)
  11 death cobs
  25 acid blobs
  Gastronok (D:9)
  4 sphinxes
  Kirke (Lair:4)
  An ancient champion (Vaults:2)
  5 tengu reavers
  12 shadow dragons
  Frances (Spider:2)
  Roxanne (Spider:4)
  Donald (Orc:2)
  8 draconian monks
  14 storm dragons
  7 rockslimes
  12 frost giants
  12 azure jellies
  5 draconian knights
  2 iron dragons
  16 vault wardens
  11 fire giants
  3 ghost moths
  Aizul (Crypt:1)
  3 deep elf sorcerers (Elf:3)
  A caustic shrike zombie (Crypt:3)
  11 draconian scorchers
  2 curse skulls (Crypt:3)
  An orc warlord (Vaults:2)
  5 draconian shifters
  A juggernaut zombie (Crypt:3)
  6 deep elf elementalists
  14 ghouls
  A reaper (Crypt:2)
  9 quicksilver oozes
  14 ironbound preservers
  7 draconian stormcallers
  A broodmother (Spider:1)
  3 war gargoyles
  6 spriggan defenders
  20 very ugly things
  The ghost of Jemig the Spear-Bearer, a journeyman DsFi of Qazlal (Lair:2)
  8 draconian annihilators
  4 ironbound thunderhulks
  16 green draconians
  4 eleionomae
  16 stone giants
  14 red draconians
  4 vampire knights
  13 purple draconians
  10 deep elf demonologists
  9 deep elf annihilators
  15 white draconians
  3 bunyips
  13 black draconians
  15 yellow draconians
  10 entropy weavers
  12 dire elephants
  9 spark wasps
  6 ettins
  A lorocyproca (D:8)
  2 blizzard demons (IceCv)
  6 deep elf death magi
  6 fire dragons
  8 eidola
  7 jiangshi
  3 spriggan zombies (Crypt:3)
  9 great orbs of eyes
  Fannar (Lair:1)
  4 deep elf high priests
  9 yaktaur captains
  11 ice dragons
  10 boulder beetles
  6 ghost crabs
  A rakshasa (Depths:1)
  25 hydras
  The ghost of Ogauff the Unseen, a journeyman FeFi of Okawaru (Swamp:4)
  2 peacekeepers
  9 ironbound frosthearts
  9 spriggan air magi
  7 vault guards
  3 jorogumos
  2 caustic shrike simulacra (IceCv)
  4 radroaches
  2 catoblepae
  2 ogre magi
  8 centaur warriors
  5 death knights
  A death scarab (Crypt:1)
  6 alligators
  9 two-headed ogres
  A fenstrider witch skeleton (Crypt:2)
  3 tengu warriors
  9 deep troll earth magi
  4 death yaks
  12 spriggan berserkers
  Urug (D:12)
  4 vampire magi
  14 dancing weapons
  13 deep troll shamans
  An orc high priest (Orc:2)
  Nergalle (D:12)
  Sonja (Lair:6)
  10 hell knights
  A sun demon (Depths:1)
  A storm dragon zombie (Crypt:1)
  4 sun moths
  Amaemon (D:8)
  14 deep elf knights
  3 soul eaters
  A titan skeleton (Crypt:1)
  A sixfirhy (Depths:1)
  A bunyip zombie (Crypt:2)
  12 iron trolls
  8 pharaoh ants
  9 goliath frogs
  20 skeletal warriors
  A spectral death yak (Lair:6)
  3 anaconda zombies
  6 steelbarb worms
  40 deep trolls
  8 glowing orange brains
  A shadow wraith (Vaults:2)
  6 flayed ghosts
  2 death drakes
  4 spriggan druids
  A harpy (shapeshifter) (D:15)
  A storm dragon skeleton (Crypt:2)
  10 swamp dragons
  12 orb spiders
  7 bog bodies
  6 spriggan simulacra
  An obsidian statue (IceCv)
  22 phantasmal warriors
  The ghost of kae the Arsonist, a novice TeFE of Ashenzari (D:7)
  16 deep elf archers
  2 lindwurms (shapeshifter)
  6 orc knights
  7 wizards
  A golden dragon skeleton (Crypt:1)
  5 necromancers
  21 lindwurms
  23 deep elf zephyrmancers
  5 harpies (Vaults:3)
  14 ironbound convokers
  5 will-o-the-wisps
  27 deep elf pyromancers
  39 ugly things
  5 orc sorcerers
  An iron dragon zombie (Crypt:2)
  19 wolf spiders
  A shining eye (Slime:5)
  A cyclops (shapeshifter) (D:13)
  10 cyclopes
  7 manticores
  Maurice (D:9)
  A moth of wrath (shapeshifter) (Depths:2)
  A centaur zombie (Crypt:3)
  22 moths of wrath
  5 black mambas
  A black mamba (shapeshifter) (D:14)
  A dire elephant zombie (Crypt:3)
  A guardian serpent (Abyss:2)
  16 elephants
  2 molten gargoyles (Lair:2)
  3 gargoyles
  3 smoke demons
  13 vault sentinels
  An unseen horror (D:12)
  4 eyes of devastation
  10 cane toads
  An eye of devastation (shapeshifter) (D:14)
  5 torpor snails
  A hellion (Zot:5)
  10 komodo dragons
  Psyche (D:12)
  8 demonic crawlers
  42 yaktaurs
  3 rime drakes
  A dire elephant skeleton (Lair:6)
  11 freezing wraiths
  A komodo dragon (shapeshifter) (D:14)
  3 tengu conjurers
  A tormentor (Depths:1)
  A minotaur skeleton (Crypt:2)
  An anaconda simulacrum (IceCv)
  2 efreet
  A hellwing (Depths:1)
  3 harpy zombies (Crypt:3)
  6 ice devils (IceCv)
  7 entropy weaver simulacra (IceCv)
  A golden dragon simulacrum (IceCv)
  A merfolk (shapeshifter) (D:15)
  3 polar bears
  14 trolls
  2 queen bees
  14 meliai
  A harpy skeleton (Crypt:1)
  96 slime creatures
  A hydra skeleton (Crypt:1)
  An ettin zombie (Crypt:1)
  A guardian serpent zombie (Crypt:1)
  20 tarantellas
  A raiju (Abyss:2)
  16 hornets
  Prince Ribbit (D:5)
  4 spectral elephants (Lair:6)
  A blink frog (shapeshifter) (Depths:2)
  21 blink frogs
  9 tyrant leeches
  A merfolk zombie (Crypt:3)
  30 jumping spiders
  A raiju (shapeshifter) (D:14)
  Sigmund (D:4)
  A fire dragon skeleton (Crypt:1)
  3 shadows (Crypt:3)
  22 spriggans
  7 water elementals
  8 air elementals
  22 culicivoras
  A dire elephant simulacrum (IceCv)
  A naga simulacrum (Crypt:1)
  5 wyverns
  2 vampires
  39 yaks
  2 large abominations (Abyss:2)
  12 wraiths
  3 golden eyes (Slime:2)
  Grum (D:8)
  9 fire elementals
  5 hogs
  6 minotaur simulacra
  2 basilisks
  A neqoxec (Abyss:2)
  Eustachio (D:6)
  51 redbacks
  24 vampire mosquitoes
  A death yak simulacrum (Lair:6)
  8 steam dragons
  3 harpy simulacra (IceCv)
  16 swamp worms
  4 wargs
  An acid dragon (D:13)
  A spectral cane toad (Lair:6)
  23 water moccasins
  A hydra simulacrum (IceCv)
  2 floating eyes
  A hell hound (Volcano)
  23 orc warriors
  7 swamp drakes
  4 starcursed masses (Abyss:4)
  2 ice beasts
  5 small abominations
  An alligator simulacrum (IceCv)
  3 elephant zombies
  21 ogres
  A black bear (Lair:5)
  3 centaurs
  7 wolves
  2 kobold brigands
  A fire crab zombie (Crypt:1)
  6 earth elementals
  15 necrophages
  A scorpion (D:6)
  A gnoll sergeant (Orc:1)
  14 bullfrogs
  12 deep troll simulacra (IceCv)
  2 wights
  5 wyvern skeletons (Crypt:3)
  A cyclops skeleton (Crypt:1)
  46 killer bees
  A queen bee zombie (Crypt:1)
  A shapeshifter zombie (Crypt:2)
  3 lindwurm simulacra (IceCv)
  9 vampire bats (Bailey)
  An elephant simulacrum (Lair:6)
  3 electric eels
  2 howler monkeys
  9 wolf zombies (Bailey)
  2 jellies
  A troll skeleton (Crypt:2)
  A lava snake (Lair:2)
  An iron imp (Abyss:2)
  13 orc priests
  A gnoll shaman (D:6)
  2 hounds
  Crazy Yiuf (D:5)
  A scorpion zombie (Crypt:2)
  A basilisk skeleton (Crypt:2)
  3 iguanas
  2 hell rats (D:7)
  24 orc wizards
  7 adders
  15 gnolls
  A river rat (D:8)
  3 shadow imps
  A white imp (Abyss:2)
  An ufetubus (D:7)
  A worm zombie (Crypt:1)
  3 worms
  4 dart slugs
  56 orcs
  2 endoplasms
  5 giant cockroaches
  9 goblins
  5 hobgoblins
  5 jackals
  6 quokkas
  8 ball pythons
  3 bats
  2 frilled lizards
  11 kobolds
  22 orc zombies (Bailey)
  A quokka skeleton (Crypt:2)
  6 rats
  A spectral orc (D:12)
  3 ballistomycete spores
2401 creatures vanquished.

Vanquished Creatures (collateral kills)
  2 orbs of fire (Zot:5)
  2 Orb Guardians (Zot:5)
  A deep elf master archer (Elf:3)
  A spriggan defender (Depths:3)
  A dire elephant (Vaults:1)
  A yaktaur captain (Vaults:2)
  A hell beast (Zot:5)
  A hydra (Lair:5)
  2 dancing weapons
  A spectral anaconda (Lair:6)
  A swamp dragon (Swamp:4)
  An orb spider (Spider:1)
  A harpy (Vaults:3)
  A lindwurm (Vaults:2)
  An orange demon (D:8)
  A cane toad (Lair:2)
  A freezing wraith (Vaults:2)
  A yaktaur (Vaults:2)
  A komodo dragon (Lair:1)
  A demonic crawler (Spider:4)
  2 tyrant leeches (Lair:2)
  A hornet (Depths:3)
  A jumping spider (Spider:4)
  3 air elementals (Elf:2)
  A vampire mosquito (D:10)
  A redback (Spider:4)
  A swamp worm (Lair:2)
  A wight (D:6)
  2 killer bees (Lair:3)
  An iguana (Lair:2)
  An orc (Orc:2)
  129 ballistomycete spores
167 creatures vanquished.

Vanquished Creatures (others)
  2 thorn hunters (Swamp:4)
  An eleionoma (Swamp:3)
  A shambling mangrove (Swamp:4)
  A hydra (Swamp:4)
  A boulder beetle (Spider:4)
  A deep elf knight (Elf:1)
  A death drake (Swamp:4)
  A lindwurm (Swamp:4)
  3 deep elf pyromancers
  2 deep elf zephyrmancers
  An ugly thing (Swamp:4)
  A cane toad (Lair:6)
  A polar bear (Lair:6)
  2 hornets (Swamp:4)
  3 tyrant leeches (Spider:3)
  A jumping spider (Spider:1)
  A spriggan (Swamp:3)
  A dire elephant simulacrum (Crypt:1)
  An alligator snapping turtle simulacrum (Crypt:1)
  A swamp worm (Lair:2)
  A hell hound (Volcano)
  A river rat (D:8)
  10 ballistomycete spores
  A bush (Lair:6)
  30 foxfires
  61 fungi
  147 plants
  48 withered plants
326 creatures vanquished.

Grand Total: 2894 creatures vanquished

Notes
Turn   | Place    | Note
-------+----------+-------------------------------------------
     0 | D:1      | Anon1729 the Draconian Transmuter began the quest for the
                  | Orb.
     0 | D:1      | Reached XP level 1. HP: 16/16 MP: 3/3
   281 | D:1      | Reached XP level 2. HP: 20/23 MP: 3/5
   284 | D:1      | Learned a level 2 spell: Wereblood
  1039 | D:2      | Reached XP level 3. HP: 20/28 MP: 2/6
  2079 | D:3      | Reached XP level 4. HP: 36/36 MP: 5/7
  2716 | D:4      | Reached skill level 3 in Transmutations
  2782 | D:4      | Learned a level 3 spell: Spider Form
  2784 | D:4      | Found a staircase to the Ecumenical Temple.
  2793 | Temple   | Entered the Ecumenical Temple
  2973 | Temple   | Became a worshipper of Fedhas Madash
  3087 | D:4      | Reached XP level 5. HP: 42/42 MP: 8/8
  3103 | D:4      | Noticed an ogre
  3108 | D:4      | Noticed Sigmund
  3111 | D:4      | Killed an ogre
  3112 | D:4      | Reached skill level 1 in Invocations
  3119 | D:4      | Killed Sigmund
  3120 | D:4      | Reached skill level 4 in Transmutations
  3120 | D:4      | Reached XP level 6. HP: 50/50 MP: 8/10
  3205 | D:4      | Found Xitelorase's Antique Armour Shoppe.
  3246 | D:4      | Your scales start taking on a golden yellow colour.
  3246 | D:4      | Reached XP level 7. HP: 54/57 MP: 8/11
  3246 | D:4      | Gained mutation: You are resistant to acid. (rCorr) [Yellow
                  | Draconian growth]
  3283 | D:4      | Found Warif's Assorted Antiques.
  3294 | D:4      | Bought an inky potion for 22 gold pieces
  3294 | D:4      | Bought a scroll labelled XIYRIL IPNEQAO for 25 gold pieces
  3294 | D:4      | Bought a scroll labelled NOEPACK BUEM for 25 gold pieces
  3489 | D:4      | Found Maokiur's Jewellery Boutique.
  3506 | D:4      | Found Zehia's Armour Emporium.
  3545 | D:4      | Reached * piety under Fedhas
  3683 | D:5      | Entered Level 5 of the Dungeon
  4045 | D:5      | Reached skill level 5 in Unarmed Combat
  4687 | D:5      | Found a runed translucent door.
  4688 | D:5      | Noticed Crazy Yiuf
  5029 | D:6      | Reached skill level 5 in Transmutations
  5390 | D:6      | Reached ** piety under Fedhas
  5495 | D:6      | Noticed Eustachio
  5546 | D:6      | Killed Eustachio
  5547 | D:6      | Reached XP level 8. HP: 66/66 MP: 10/13
  6484 | D:7      | Reached skill level 6 in Transmutations
  7003 | D:7      | Reached XP level 9. HP: 72/72 MP: 12/15
  7234 | D:7      | Noticed a white ugly thing
  7255 | D:7      | Found a one-way gate to the infinite horrors of the Abyss.
  7255 | D:7      | Noticed kae's ghost (novice TeFE)
  7269 | D:7      | Found a transporter.
  7275 | D:7      | Found a transporter.
  7377 | D:7      | Found an ornate altar of the Wu Jian Council.
  8181 | D:8      | Reached skill level 5 in Fighting
  8310 | D:8      | Reached *** piety under Fedhas
  8333 | D:8      | Found a stormy altar of Qazlal.
  8334 | D:8      | Found a sparkling altar of Nemelex Xobeh.
  8337 | D:8      | Found an opulent altar of Gozag.
  8401 | D:8      | Noticed a death yak
  8478 | D:8      | Noticed a death yak
  9195 | D:8      | Found a staircase to the Lair.
  9209 | D:8      | Reached skill level 7 in Transmutations
  9263 | D:8      | Noticed Amaemon
  9839 | D:8      | Noticed an orange demon
  9888 | D:8      | Identified the +8 falchion "Qalia" {flame, rElec Dex+4}
 10130 | D:8      | Reached skill level 1 in Hexes
 10265 | D:8      | Killed an orange demon
 10272 | D:8      | Killed Amaemon
 10331 | D:8      | Reached skill level 5 in Invocations
 10331 | D:8      | Reached XP level 10. HP: 68/82 MP: 14/17
 10331 | D:8      | Noticed Grum
 10623 | D:8      | Killed Grum
 10789 | D:8      | Reached skill level 5 in Dodging
 10789 | D:8      | Reached skill level 5 in Spellcasting
 11525 | D:8      | Noticed a death yak
 12058 | Lair:1   | Entered Level 1 of the Lair of Beasts
 12193 | Lair:1   | Reached skill level 8 in Transmutations
 12369 | Lair:1   | Learned a level 4 spell: Cause Fear
 13464 | Lair:1   | Noticed Fannar
 13488 | Lair:1   | Killed Fannar
 13989 | Lair:1   | Noticed a cane toad
 14006 | Lair:1   | Killed a cane toad
 14007 | Lair:1   | Reached XP level 11. HP: 66/91 MP: 17/19
 14997 | Lair:2   | Learned a level 3 spell: Teleport Other
 15001 | Lair:2   | Learned a level 3 spell: Gell's Gravitas
 15190 | Lair:2   | Noticed a six-headed hydra
 15243 | Lair:2   | Reached skill level 9 in Transmutations
 15395 | Lair:2   | Noticed a six-headed hydra
 15425 | Lair:2   | Killed a six-headed hydra
 15426 | Lair:2   | Reached skill level 1 in Translocations
 15446 | Lair:2   | Killed a six-headed hydra
 15833 | Lair:2   | Found a staircase to the Swamp.
 17487 | D:9      | Noticed a boulder beetle
 17519 | D:9      | Killed a boulder beetle
 18164 | D:9      | Noticed a two-headed ogre
 18262 | D:9      | Noticed Gastronok
 18415 | D:9      | Killed a two-headed ogre
 18416 | D:9      | Reached skill level 10 in Unarmed Combat
 18912 | D:9      | Killed Gastronok
 18913 | D:9      | Reached XP level 12. HP: 50/100 MP: 13/21
 19463 | D:9      | Noticed Maurice
 19474 | D:9      | Killed Maurice
 19555 | D:9      | Found a staircase to the Orcish Mines.
 19770 | D:9      | Reached skill level 10 in Transmutations
 20067 | D:10     | Entered Level 10 of the Dungeon
 20138 | D:10     | Reached **** piety under Fedhas
 20322 | D:10     | Found a flagged portal.
 20471 | Bailey   | Entered a bailey
 21164 | Bailey   | Learned a level 4 spell: Ice Form
 21199 | Bailey   | Gained mutation: Your muscles are strong. (Str +2) [potion
                  | of mutation]
 21545 | D:10     | Reached skill level 5 in Translocations
 21842 | D:10     | Identified 2 scrolls of acquirement
 21843 | D:10     | Acquired the +4 buckler "Meiwai" {Contam rC+ SInv}
 21845 | D:10     | Acquired the Papyrus of Transformation and Orientation
 21866 | D:10     | Identified the +8 hand axe "Motaw" {flame, *Slow MP+9
                  | Int+2}
 22209 | D:11     | Reached skill level 1 in Shields
 22238 | D:11     | Found a transporter.
 22260 | D:11     | Noticed hark's ghost (journeyman MiFi)
 22265 | D:11     | Noticed a storm dragon
 22291 | D:11     | Noticed a six-headed hydra
 22301 | D:11     | Killed a six-headed hydra
 22347 | D:11     | Found a transporter.
 22444 | D:11     | Found Beclub's Weapon Shop.
 22677 | D:11     | Reached skill level 1 in Stealth
 22933 | D:12     | Noticed a death knight
 24383 | D:7      | Killed a death yak
 24576 | D:8      | Killed a death yak
 24665 | D:8      | Killed a death yak
 25339 | Lair:2   | Noticed a six-headed hydra
 25800 | Lair:2   | Found a transporter.
 25814 | Lair:2   | Found a transporter.
 25991 | Lair:2   | Noticed Jemig's ghost (journeyman DsFi)
 26539 | Lair:3   | Reached XP level 13. HP: 69/107 MP: 23/23
 27388 | Lair:3   | Found a hole to the Spider Nest.
 28153 | Lair:4   | Reached skill level 11 in Transmutations
 28417 | Lair:4   | You fall into a shaft and drop 2 floors!
 28417 | Lair:6   | Entered Level 6 of the Lair of Beasts
 28534 | Lair:6   | Paralysed by a floating eye for 2 turns
 28539 | Lair:6   | Paralysed by a floating eye for 2 turns
 28552 | Lair:6   | Noticed Sonja
 28560 | Lair:6   | Killed Sonja
 28868 | Lair:6   | Found a staircase to the Slime Pits.
 29056 | Lair:6   | Reached skill level 5 in Shields
 29819 | Lair:6   | Reached ***** piety under Fedhas
 31161 | Lair:4   | Noticed Kirke
 31307 | Lair:4   | Killed Kirke
 31643 | Lair:5   | Gained mutation: You have acidic saliva. [Yellow Draconian
                  | growth]
 31643 | Lair:5   | Reached XP level 14. HP: 72/118 MP: 25/25
 33921 | Lair:6   | Reached skill level 12 in Transmutations
 36647 | Lair:6   | Learned a level 5 spell: Yara's Violent Unravelling
 36652 | Lair:6   | Learned a level 4 spell: Passage of Golubria
 37734 | Lair:6   | Identified the ring of Scepticism {Fly rC++ Will+ Int+3}
 37962 | D:4      | Bought the ring of Polytheism {rElec rPois SInv} for 464
                  | gold pieces
 38038 | D:5      | Noticed Prince Ribbit
 38049 | D:5      | Killed Prince Ribbit
 38199 | D:5      | Acquired 541 gold pieces
 38205 | D:5      | Killed Crazy Yiuf
 38263 | D:4      | Bought an amulet of reflection for 420 gold pieces
 38437 | D:7      | Killed kae's ghost
 39098 | Orc:1    | Entered Level 1 of the Orcish Mines
 39207 | Orc:1    | Found a dark tunnel.
 39392 | Volcano  | Entered a volcano
 40981 | Orc:2    | Entered Level 2 of the Orcish Mines
 40981 | Orc:2    | Found Okan's Magic Scroll Shoppe.
 40995 | Orc:2    | Noticed Jorgrun
 41222 | Orc:2    | Reached skill level 10 in Fighting
 41240 | Orc:2    | Killed Jorgrun
 41798 | Orc:1    | Reached XP level 15. HP: 59/126 MP: 27/27
 42498 | Orc:2    | Reached skill level 13 in Transmutations
 43319 | Orc:2    | Reached ****** piety under Fedhas
 43391 | Orc:2    | Bought a scroll of teleportation for 48 gold pieces
 43391 | Orc:2    | Bought a scroll of fog for 32 gold pieces
 43391 | Orc:2    | Bought a scroll of fear for 56 gold pieces
 43391 | Orc:2    | Bought a scroll of fog for 32 gold pieces
 43391 | Orc:2    | Bought a scroll of vulnerability for 120 gold pieces
 43391 | Orc:2    | Bought a scroll of teleportation for 48 gold pieces
 43459 | Orc:2    | Found Sawk's Jewellery Emporium.
 43750 | Orc:2    | Found Pueraq's Jewellery Emporium.
 43755 | Orc:2    | Found Deguowae's General Store.
 43764 | Orc:2    | Found Tusaas's Antique Armour Shoppe.
 43941 | Orc:2    | Found a staircase to the Elven Halls.
 43960 | Orc:2    | Noticed Donald
 43970 | Orc:2    | Reached skill level 10 in Translocations
 43977 | Orc:2    | Killed Donald
 44454 | D:12     | Noticed Psyche
 44486 | D:12     | Killed Psyche
 44593 | D:12     | Noticed Urug
 44627 | D:12     | Reached skill level 10 in Invocations
 45305 | D:12     | Found a basalt altar of Yredelemnul.
 45363 | D:12     | Killed Urug
 45372 | D:12     | Noticed Nergalle
 45379 | D:12     | Killed Nergalle
 46334 | D:12     | Learned a level 2 spell: Blink
 47246 | D:13     | Found a gate to the Vaults.
 49507 | D:14     | Reached skill level 5 in Hexes
 49507 | D:14     | Reached XP level 16. HP: 136/136 MP: 29/29
 49508 | D:14     | Reached XP level 17. HP: 143/143 MP: 30/30
 49730 | D:14     | Found a glowing golden altar of the Shining One.
 50011 | D:15     | Entered Level 15 of the Dungeon
 50327 | D:15     | Learned a level 3 spell: Lesser Beckoning
 50439 | D:15     | Reached XP level 18. HP: 140/149 MP: 31/31
 50741 | D:15     | Found a staircase to the Depths.
 52478 | Elf:1    | Entered Level 1 of the Elven Halls
 52576 | Elf:1    | Reached skill level 1 in Fire Magic
 53431 | Elf:1    | Paralysed by an air elemental for 1 turns
 53546 | Elf:1    | Reached skill level 10 in Spellcasting
 53655 | Elf:1    | Paralysed by an air elemental for 1 turns
 53660 | Elf:1    | Paralysed by an air elemental for 1 turns
 53663 | Elf:1    | Reached skill level 14 in Transmutations
 54330 | Elf:1    | Got the Papyrus of Illusion
 54335 | Elf:1    | Cast into level 3 of the Abyss (a deep elf demonologist)
 54339 | Abyss:3  | Learned a level 1 spell: Apportation
 54368 | Elf:1    | Escaped the Abyss
 54418 | Elf:1    | Paralysed by an air elemental for 1 turns
 54669 | Elf:1    | Reached skill level 5 in Fire Magic
 55853 | Elf:1    | Found Etihy's Antique Armour Shoppe.
 56181 | Elf:1    | Reached skill level 10 in Dodging
 56676 | Elf:2    | Learned a level 6 spell: Dispersal
 56755 | Elf:2    | Paralysed by an air elemental for 1 turns
 56761 | Elf:2    | Paralysed by an air elemental for 1 turns
 57385 | Elf:2    | Paralysed by an air elemental for 1 turns
 57390 | Elf:2    | Paralysed by an air elemental for 1 turns
 57393 | Elf:2    | Paralysed by an air elemental for 1 turns
 57401 | Elf:2    | Paralysed by an air elemental for 1 turns
 57404 | Elf:2    | Paralysed by an air elemental for 1 turns
 59156 | Elf:2    | Found a runed translucent gate.
 59156 | Elf:2    | Found a runed translucent gate.
 59156 | Elf:2    | Found a runed translucent gate.
 59522 | Elf:3    | Entered Level 3 of the Elven Halls
 59871 | Elf:3    | Noticed a Brimstone Fiend
 60423 | Elf:3    | Noticed a Hell Sentinel
 60428 | Elf:3    | Reached XP level 19. HP: 138/160 MP: 15/33
 60454 | Elf:3    | Identified the +0 scale mail of Watchfulness {rElec rF+}
 60454 | Elf:3    | Identified the ring "Ziculada" {*Slow rElec Str+6 Int+8}
 63467 | Elf:3    | Paralysed by an air elemental for 1 turns
 63474 | Elf:2    | Paralysed by an air elemental for 1 turns
 63632 | Elf:3    | Identified the +11 hand crossbow of Okhlalops {penet, Will+
                  | Dex+2}
 64554 | Elf:3    | Identified the +5 ring mail of the Solemn God {rN+ SInv}
 64556 | Elf:3    | Identified the ring "Cifienli" {Wiz rF- Dex+3 Stlth+}
 65104 | Elf:3    | Identified the +1 scale mail of Lifelessness {+Inv rPois
                  | Regen+ Str-5}
 66182 | Elf:3    | Got the Tome of the Dislocated Oath
 66186 | Elf:3    | Got Jocweufi's Catalogue of Ashen Bewitchment
 66905 | Swamp:1  | Entered Level 1 of the Swamp
 67511 | Swamp:1  | Noticed Mlioglotl
 67725 | Lair:2   | Killed Mlioglotl
 69650 | Swamp:1  | Reached skill level 10 in Fire Magic
 75944 | Swamp:4  | Entered Level 4 of the Swamp
 76194 | Swamp:4  | Found a frozen archway.
 76212 | Swamp:4  | Reached skill level 15 in Transmutations
 76228 | IceCv    | Entered an ice cave
 76575 | IceCv    | Reached XP level 20. HP: 145/167 MP: 35/35
 77868 | IceCv    | Identified the +4 ice dragon scales "Kyurch" {rF- rC++
                  | Int+3 Dex+3 Slay-4}
 77964 | IceCv    | Got the Guide on the Glacier
 77966 | IceCv    | Got the Almanac of the Frostbite
 78195 | IceCv    | Identified the +5 dagger of Evil {vorpal, Will- Str+2 Int+7
                  | Dex+2}
 78858 | Swamp:4  | Found a runed translucent door.
 78859 | Swamp:4  | Noticed Ogauff's ghost (journeyman FeFi)
 79190 | Swamp:4  | Noticed the 27-headed Lernaean hydra
 80568 | Swamp:4  | Got a decaying rune of Zot
 80863 | Swamp:4  | Killed the 27-headed Lernaean hydra
 81460 | Swamp:4  | Killed Ogauff's ghost
 81744 | Spider:1 | Entered Level 1 of the Spider Nest
 81916 | Spider:1 | Learned a level 2 spell: Passwall
 83073 | Orc:2    | Bought a potion of haste for 120 gold pieces
 83073 | Orc:2    | Bought 2 potions of curing for 72 gold pieces
 83073 | Orc:2    | Bought a potion of heal wounds for 60 gold pieces
 83073 | Orc:2    | Bought a potion of haste for 120 gold pieces
 83073 | Orc:2    | Bought a scroll of enchant armour for 90 gold pieces
 83073 | Orc:2    | Bought a scroll of enchant armour for 90 gold pieces
 84580 | Spider:1 | Identified the +3 plate armour "Xeur" {rF+}
 84837 | Spider:1 | Learned a level 3 spell: Inner Flame
 85266 | Spider:2 | Noticed Frances
 85408 | Spider:2 | Killed Frances
 89057 | Spider:2 | Gained mutation: You are frail. (-10% HP) [mutagenic glow]
 89289 | Spider:2 | Lost mutation: You are frail. (-10% HP) [potion of
                  | mutation]
 89289 | Spider:2 | Lost mutation: Your muscles are strong. (Str +2) [potion of
                  | mutation]
 89289 | Spider:2 | Gained mutation: Potions are less effective at restoring
                  | your health. [potion of mutation]
 89289 | Spider:2 | Gained mutation: Your tail ends in a venomous barb. [potion
                  | of mutation]
 89289 | Spider:2 | Gained mutation: Your spells are a little harder to cast,
                  | but a little more powerful. [potion of mutation]
 89289 | Spider:2 | Gained mutation: You have a pair of small antennae on your
                  | head. [potion of mutation]
 90789 | Spider:4 | Entered Level 4 of the Spider Nest
 90789 | Spider:4 | Noticed Roxanne
 92105 | Spider:3 | Reached XP level 21. HP: 170/180 MP: 30/36
 93325 | Spider:4 | Reached skill level 15 in Unarmed Combat
 96130 | Spider:4 | Got a gossamer rune of Zot
 96386 | Spider:4 | Killed Roxanne
 96703 | Vaults:1 | Entered Level 1 of the Vaults
 97273 | Slime:1  | Entered Level 1 of the Pits of Slime
 98617 | D:13     | Reached skill level 1 in Earth Magic
100469 | Vaults:1 | Found a transporter.
100479 | Vaults:1 | Found a transporter.
100492 | Vaults:1 | Found Viapai's Magic Scroll Shop.
100500 | Vaults:1 | Bought a scroll of blinking for 120 gold pieces
100500 | Vaults:1 | Bought a scroll of immolation for 56 gold pieces
100500 | Vaults:1 | Bought a scroll of fear for 56 gold pieces
100558 | Vaults:1 | Found Qaqonoshrug's General Store.
100571 | Vaults:1 | Found Vobilur's Distillery.
100572 | Vaults:1 | Found Yrchurut's Antique Weapon Emporium.
100783 | Vaults:1 | Bought a potion of haste for 150 gold pieces
100783 | Vaults:1 | Bought a potion of heal wounds for 75 gold pieces
100783 | Vaults:1 | Bought a potion of curing for 45 gold pieces
100783 | Vaults:1 | Bought a potion of cancellation for 120 gold pieces
100783 | Vaults:1 | Bought a potion of attraction for 45 gold pieces
100783 | Vaults:1 | Bought a potion of haste for 150 gold pieces
100783 | Vaults:1 | Bought 2 potions of heal wounds for 150 gold pieces
100783 | Vaults:1 | Bought a potion of resistance for 150 gold pieces
100783 | Vaults:1 | Bought a potion of brilliance for 60 gold pieces
102615 | Vaults:1 | Found Sowuves's Assorted Antiques.
102622 | Vaults:1 | Bought a pair of crude gloves for 275 gold pieces
102622 | Vaults:1 | Identified the +2 pair of gloves of Worgh {rElec rC++
                  | Int+2} (You bought it in a shop on level 1 of the Vaults)
102622 | Vaults:1 | Bought a potion of curing for 87 gold pieces
102622 | Vaults:1 | Bought a potion of mutation for 232 gold pieces
102905 | Vaults:2 | Identified the +0 plate armour of the End {rF+}
103084 | Vaults:2 | Found a staircase to the Crypt.
103307 | Vaults:2 | Reached skill level 16 in Transmutations
107292 | Vaults:3 | Reached XP level 22. HP: 145/190 MP: 38/38
110584 | Vaults:3 | Noticed Margery
111068 | Vaults:3 | Killed Margery
111323 | Vaults:3 | Found Rupyick's Antique Armour Emporium.
114031 | Vaults:4 | Reached skill level 15 in Invocations
114050 | Vaults:4 | Reached skill level 17 in Transmutations
114427 | Vaults:4 | Noticed a golden dragon
114761 | Vaults:4 | Reached skill level 15 in Fighting
114791 | Vaults:4 | Killed a golden dragon
115293 | Vaults:4 | Found Canidwun's Book Boutique.
116296 | Vaults:2 | Learned a level 6 spell: Statue Form
116326 | Crypt:1  | Entered Level 1 of the Crypt
116466 | Crypt:1  | Identified the ring of Iwidaer {Ice Fly Str+3 Int+5 Dex-5}
116466 | Crypt:1  | Noticed Josephina
116486 | Crypt:1  | Killed Josephina
116974 | Crypt:1  | Noticed Aizul
116985 | Crypt:1  | Killed Aizul
117531 | Crypt:2  | Reached XP level 23. HP: 199/199 MP: 29/40
117805 | Crypt:2  | Reached skill level 5 in Earth Magic
119224 | Crypt:3  | Entered Level 3 of the Crypt
119354 | Crypt:3  | Identified the ring of Arrival {rN+ Int+4 Slay-4 SInv}
119354 | Crypt:3  | Identified the ring of Tezop {rN+ rCorr Dex+4 Slay-6}
119742 | Crypt:3  | Found a staircase to the Tomb.
120951 | Crypt:3  | Identified the +8 hand crossbow "Looleod" {freeze, rElec
                  | SInv}
121265 | Crypt:3  | Found a basalt altar of Yredelemnul.
121988 | Crypt:3  | Cast into level 4 of the Abyss (profane servitor)
122003 | Abyss:4  | Paralysed by accursed screaming for 2 turns
122007 | Abyss:4  | Reached XP level 24. HP: 207/207 MP: 25/40
122007 | Abyss:4  | Reached XP level 25. HP: 214/214 MP: 25/40
122007 | Abyss:4  | Got an abyssal rune of Zot
122023 | Abyss:4  | Gained mutation: You are frail. (-10% HP) [a neqoxec]
122025 | Abyss:4  | Found a corrupted altar of Lugonu.
122026 | Abyss:4  | Lost mutation: Your tail ends in a venomous barb. [potion
                  | of mutation]
122026 | Abyss:4  | Lost mutation: Your spells are a little harder to cast, but
                  | a little more powerful. [potion of mutation]
122026 | Abyss:4  | Gained mutation: You have supernaturally acute eyesight.
                  | (SInv) [potion of mutation]
122026 | Abyss:4  | Gained mutation: Your magical capacity is low. (-10% MP)
                  | [potion of mutation]
122026 | Abyss:4  | Gained mutation: You are agile. (Dex +2) [potion of
                  | mutation]
122027 | Abyss:4  | Lost mutation: You are agile. (Dex +2) [potion of mutation]
122027 | Abyss:4  | Lost mutation: You have supernaturally acute eyesight.
                  | (SInv) [potion of mutation]
122027 | Abyss:4  | Lost mutation: Potions are less effective at restoring your
                  | health. [potion of mutation]
122027 | Abyss:4  | Lost mutation: You are frail. (-10% HP) [potion of
                  | mutation]
122027 | Abyss:4  | Gained mutation: Your tail ends in a venomous barb. [potion
                  | of mutation]
122058 | Crypt:3  | Escaped the Abyss
122135 | Crypt:3  | Identified the -2 cloak of Defence {Rampage *Corrode Str+4}
123532 | Slime:3  | Reached skill level 18 in Transmutations
123689 | Slime:3  | Reached skill level 15 in Translocations
124753 | Slime:5  | Entered Level 5 of the Pits of Slime
124763 | Slime:5  | Reached skill level 10 in Earth Magic
125006 | Slime:5  | Found a viscous altar of Jiyva.
125038 | Slime:5  | Noticed the Royal Jelly
125590 | Slime:5  | Killed the Royal Jelly
125971 | Slime:5  | Identified the ring "Riorov" {Will+ Int+4 Dex+6}
125975 | Slime:5  | Got Ylaquvuz's Almanac of the Oath and Snow
126087 | Slime:5  | Identified the +1 leather armour "Zodwionk" {Regen+ Str+4
                  | Int-3}
126089 | Slime:5  | Identified the amulet of the Wicked God {RegenMP Rampage}
126117 | Slime:5  | Got a slimy rune of Zot
126629 | Depths:1 | Entered Level 1 of the Depths
126644 | D:15     | Reached XP level 26. HP: 224/224 MP: 34/36
126721 | Depths:1 | Found a gateway to Hell.
127219 | Depths:1 | Found a one-way gateway to a ziggurat.
127432 | Depths:1 | Found a hide-covered altar of Uskayaw.
128120 | Depths:1 | Found a corrupted altar of Lugonu.
128376 | Depths:1 | Found a one-way gate leading to the halls of Pandemonium.
128917 | Depths:2 | Found an ancient bone altar of Kikubaaqudgha.
128918 | Depths:2 | Found a shadowy altar of Dithmenos.
129356 | Depths:2 | Cast into level 2 of the Abyss (spriggan rider)
129356 | Abyss:2  | Found a corrupted altar of Lugonu.
129537 | Depths:2 | Escaped the Abyss
129940 | Depths:2 | Found a stormy altar of Qazlal.
131058 | Depths:2 | Reached skill level 19 in Transmutations
131092 | Depths:2 | Identified the +2 pair of boots of Charity {rElec Regen+
                  | Int-5 Dex+5}
131628 | Depths:2 | Paralysed by a floating eye for 3 turns
131896 | Depths:2 | Learned a level 5 spell: Manifold Assault
133304 | Depths:4 | Entered Level 4 of the Depths
133713 | Depths:4 | Found Zafeg's Book Shoppe.
133822 | Depths:4 | Found Cunkiuc's Distillery.
133828 | Depths:4 | Bought 2 potions of flight for 90 gold pieces
133828 | Depths:4 | Bought a potion of lignification for 45 gold pieces
133828 | Depths:4 | Bought a potion of mutation for 120 gold pieces
133828 | Depths:4 | Bought a potion of mutation for 120 gold pieces
133828 | Depths:4 | Bought a potion of heal wounds for 75 gold pieces
133828 | Depths:4 | Bought a potion of might for 60 gold pieces
133828 | Depths:4 | Bought a potion of curing for 45 gold pieces
134112 | Depths:4 | Noticed the Enchantress
134121 | Depths:4 | Killed the Enchantress
134133 | Depths:4 | Reached XP level 27. HP: 234/234 MP: 23/37
135698 | Depths:4 | Found a runed translucent door.
135703 | Depths:4 | Found a runed translucent door.
135781 | Depths:4 | Found a runed translucent door.
135869 | Depths:4 | Found a runed translucent door.
135917 | Depths:4 | Found a runed translucent door.
135924 | Depths:4 | Found a runed translucent door.
135937 | Depths:4 | Found a gate to the Realm of Zot.
136370 | Zot:1    | Entered Level 1 of the Realm of Zot
136378 | Depths:4 | Learned a level 4 spell: Iskenderun's Mystic Blast
137151 | Lair:2   | Killed Jemig's ghost
138366 | Zot:1    | Cast into level 2 of the Abyss (purple draconian)
138424 | Zot:1    | Escaped the Abyss
140095 | Zot:1    | Found a runed translucent gate.
140096 | Zot:1    | Found a runed translucent gate.
140096 | Zot:1    | Noticed Zuol's ghost (legendary DsDe)
140098 | Zot:1    | Found a runed translucent gate.
141188 | Zot:1    | Reached skill level 10 in Hexes
143602 | Zot:2    | Reached skill level 20 in Transmutations
144630 | Zot:3    | Noticed an orb of fire
144634 | Zot:3    | Gained mutation: Your magical capacity is very low. (-20%
                  | MP) [an orb of fire]
144647 | Zot:3    | Killed an orb of fire
146583 | Zot:5    | Entered Level 5 of the Realm of Zot
148425 | Zot:4    | Reached skill level 5 in Evocations
150007 | Zot:5    | Found a transporter.
150009 | Zot:5    | Found a transporter.
150412 | Zot:5    | Found a transporter.
150417 | Zot:5    | Found a transporter.
150476 | Zot:5    | Found a transporter.
150480 | Zot:5    | Found a transporter.
150902 | Zot:5    | Noticed an ancient lich
150921 | Zot:5    | Killed an ancient lich
151124 | Zot:5    | Noticed an ancient lich
151134 | Zot:5    | Killed an ancient lich
151173 | Zot:5    | Reached skill level 10 in Evocations
151177 | Zot:5    | Noticed an orb of fire
151186 | Zot:5    | Killed an orb of fire
151249 | Zot:5    | Noticed an orb of fire
151252 | Zot:5    | Noticed an ancient lich
151254 | Zot:5    | Gained mutation: You are weak. (Str -2) [an orb of fire]
151257 | Zot:5    | Killed an orb of fire
151265 | Zot:5    | Killed an ancient lich
151294 | Zot:5    | Noticed an orb of fire
151301 | Zot:5    | Killed an orb of fire
151498 | Zot:5    | Noticed an orb of fire
151523 | Zot:5    | Gained mutation: Your magical capacity is extremely low.
                  | (-30% MP) [an orb of fire]
151524 | Zot:5    | Killed an orb of fire
152055 | Zot:5    | Noticed a dread lich
152069 | Zot:5    | Killed a dread lich
152444 | Zot:5    | Noticed an orb of fire
152851 | Zot:5    | Killed an orb of fire
153075 | Zot:5    | Noticed a dread lich
153087 | Zot:5    | Killed a dread lich
153425 | Zot:5    | Noticed an orb of fire
153433 | Zot:5    | Gained mutation: You are dopey. (Int -2) [an orb of fire]
153436 | Zot:5    | Killed an orb of fire
154090 | Zot:5    | Got the Orb of Zot
154100 | Zot:5    | Noticed an orb of fire
154102 | Zot:5    | Gained mutation: You have large cloven feet. [an orb of
                  | fire]
154103 | Zot:5    | Gained mutation: You are frail. (-10% HP) [an orb of fire]
154336 | Depths:2 | Reached skill level 15 in Evocations
154414 | Depths:2 | Noticed Zibryawnu the pandemonium lord
154820 | D:$      | Escaped with the Orb!

Illustrated notes

Levels and vault maps discovered:
D:1:      dpeg_arrival_another_circle, layout_rooms
D:2:      layout_basic
D:3:      layout_basic, glass_columns_c
D:4:      layout_gridville, temple_statues, serial_shops,
          nicolae_shop_temple_entry_statues_fountains, kennysheep_mini_moat,
          nicolae_lakefront_shop, shop, minmay_three_crescents, uniq_sigmund
D:5:      layout_loops_cross, uniq_prince_ribbit1, uniq_crazy_yiuf_cottage
D:6:      layout_loops_corners, serial_bayou_pond_a, uniq_eustachio
D:7:      layout_loops_ring, lemuel_round_altar, gammafunk_ghost_abyssal_escape
D:8:      layout_layer_cave, minitemple, dpeg_lair_monsters, uniq_grum,
          uniq_amaemon
D:9:      layout_irregular_city, orc_0_dummy, uniq_gastronok, uniq_maurice
D:10:     layout_small_grid, enter_bailey_7
D:11:     layout_loops_ring, gammafunk_ghost_arena, serial_shops,
          nicolae_shop_bloodbath_and_beyond
D:12:     layout_loops_ring, yredelemnul_forgotten_temple_becter, uniq_urug,
          uniq_nergalle, uniq_psyche
D:13:     layout_rooms, skrybe_vaults_entry_preservation
D:14:     layout_layer_cave, tso_altar, minmay_pinched_square
D:15:     gammafunk_enter_depths_forms, layout_long_grid,
          minmay_misc_feat_enclosed
Temple:   eino_narrow_crystal_temple
Lair:1:   layout_cave_pods, beast_lair_carwin_5, uniq_fannar
Lair:2:   layout_gridlike, palyth_hydra_swamp_entry, gammafunk_ghost_hive
Lair:3:   layout_roguey [special_room_bee], spider_nest_entry_funnel_web
Lair:4:   layout_cave_shapes, grunt_megastairs_5, uniq_kirke
Lair:5:   layout_regular_city, wad_woods_02, serial_bayou_shore_a,
          lemuel_fruit_tree
Lair:6:   due_jungle_book, layout_cave_pods, minmay_slime_entry_eyes, uniq_sonja
Swamp:1:  layout_basic_swamp, evilmike_swamp_ruin_house_2, uniq_mlioglotl
Swamp:2:  layout_basic_swamp, hangedman_swamp_pad
Swamp:3:  layout_basic_swamp, hangedman_swamp_ruin_wall
Swamp:4:  swamp_alternative, layout_basic_swamp,
          portal_ice_cave_entry_ugly_swarm, gammafunk_ghost_grave
Spider:1: layout_cave_pods
Spider:2: layout_chambers, drop_trap, hangedman_spider_tarantella_strand,
          uniq_frances
Spider:3: layout_spider_delve, nicolae_spider_swamp_cousins
Spider:4: hellmonk_spider_rune_bug_friends, nicolae_spider_moth_buddies,
          uniq_roxanne
Slime:1:  layout_caves
Slime:2:  layout_caves, nicolae_slime_phagocytosis
Slime:3:  nicolae_slime_jelly_donut, layout_caves
Slime:4:  layout_caves
Slime:5
Orc:1:    layout_diamond_mine, nicolae_volcano_entry_hallway
Orc:2:    st_orc_open, layout_caves, serial_shops, nicolae_shop_trees,
          uniq_jorgrun, uniq_donald
Elf:1:    minmay_elf_arrival_summoners, layout_onion_city, serial_shops, shop,
          minmay_elf_demonology, minivault_28
Elf:2:    nicolae_elf_blades_splatter_lattice
          [nicolae_blade_entry_sentries_behind_glass], layout_geoelf_octagon,
          nicolae_elf_loose_elemental_storage
Elf:3:    grunt_elf_hall_spiral, layout_gridlike
Vaults:1: v_misc_11, vaults_room_stairs_pillars, vaults_mumra_hex, v_misc_24,
          vaults_dpeg_cross, ontoclasm_vaults_gateway, gammafunk_sealed_arena,
          layout_vaults_omnigrid, serial_shops, nicolae_shop_stone, shop, shop,
          nicolae_shop_statue_plus, shop_statue
Vaults:2: nicolae_vaults_little_squares_5, v_pattern_1,
          minmay_crypt_entry_simple_plaza, v_misc_32, vaults_dpeg_diagonal,
          hangedman_vaults_hat, vaults_room_pools, hangedman_vaults_pinch,
          nicolae_vaults_yaktaur_gun_rack, dpeg_vaults_monster_row,
          nicolae_vaults_little_squares_5, layout_vaults_omnicross
Vaults:3: v_misc_26, vaults_room_boxed, v_alt_pattern_1, v_misc_4,
          nicolae_vaults_specimen_jars, hangedman_vaults_cutoff,
          vaults_room_corners, vaults_room_semicircle,
          ontoclasm_vaults_decontamination, layout_vaults_chaotic_city,
          serial_shops, nicolae_shop_statue_plus, uniq_margery
Vaults:4: nicolae_vaults_network_quinsquares
          [nicolae_vaults_network_quincunx_subvault,
          nicolae_vaults_network_quincunx_subvault,
          nicolae_vaults_network_quincunx_subvault,
          nicolae_vaults_network_quincunx_subvault],
          ontoclasm_vaults_misaligned, hangedman_vaults_snaps, vaults_room_grid,
          st_cross, hangedman_vaults_restitches, hangedman_vaults_nodes,
          vaults_room_mumra_shop_pool, v_misc_13, ontoclasm_vaults_hangar,
          v_pattern_3, v_misc_2, nicolae_vaults_ring_of_whatevers, v_misc_23,
          layout_vaults_maze_bifur
Crypt:1:  layout_regular_city, hellmonk_scarab_ruin, uniq_josephina, uniq_aizul
Crypt:2:  layout_catacombs, st_stairs_12, roderic_lattice_octagonal_star
Crypt:3:  evilmike_haunted_forest
Depths:1: layout_roguey, enter_ziggurat_d, rand_demon_pan_entry_4,
          interstate_on_off, pf_vacation_house_of_asmodeus,
          abyss_entry_flame_altar, grunt_decor_fettered,
          eat_drink_and_be_merry_uskayaw
Depths:2: hangedman_slaughterboxes, pan_entry, hell_entry
Depths:3: kennysheep_room_grid, layout_gridville, hell_entry, abyss_entry,
          minmay_staircase_statues_hall_small, serial_bayou_shore_b
Depths:4: evilmike_zot_entry_castle, layout_gridlike, abyss_entry, hell_entry,
          minmay_shoptagon, uniq_enchantress
Zot:1:    layout_misc_corridors, gammafunk_ghost_split
Zot:2:    layout_onion, st_stairs_14
Zot:3:    layout_concentric_octagons
Zot:4:    layout_cathedral_of_symmetry, hangedman_elemental_corridor
Zot:5:    layout_misc_corridors, grunt_ministairs_9, serial_nicolae_subway,
          nicolae_sub_station_stone, nicolae_sub_station_metal,
          nicolae_sub_station_crystal

Skill      XL: |  1  2  3  4  5  6  7  8  9 10 11 12 13 14 15 16 17 18 19 20 21 22 23 24 25 26 27 |
---------------+----------------------------------------------------------------------------------+-----
Dodging        | 2 3 4 5 6 7 8 9 10 11 12 13 14 | 14.5
Fighting       | 2 3 4 5 6 7 8 9 10 12 13 14 15 16 17 | 17.0
Transmutations | 3 4 5 6 7 8 9 10 11 12 13 14 15 16 17 18 19 20 | 20.0
Unarmed Combat | 4 5 6 7 9 10 11 12 13 14 15 16 17 18 19 | 19.7
Invocations    | 1 2 3 5 6 7 8 9 10 11 12 13 14 15 16 17 | 17.1
Spellcasting   | 3 4 5 6 7 8 9 10 11 12 13 14 | 14.7
Hexes          | 1 3 4 5 6 7 8 12 | 12.2
Translocations | 4 5 7 9 10 11 12 13 14 15 19 | 19.3
Shields        | 4 5 6 8 |  8.4
Stealth        | 1 |  1.0
Evocations     | 3 4 15 | 15.3
Fire Magic     | 8 10 12 13 14 | 14.1
Earth Magic    | 4 9 10 | 10.0

Action                   |  1- 3 |  4- 6 |  7- 9 | 10-12 | 13-15 | 16-18 | 19-21 | 22-24 | 25-27 || total
-------------------------+-------+-------+-------+-------+-------+-------+-------+-------+-------++-------
Melee: Unarmed           |    85 |    74 |   276 |   614 |  1526 |   857 |  2918 |  1307 |  2638 || 10295
       Kick              |    15 |     9 |     5 |   120 |   568 |   254 |  1156 |   345 |    10 ||  2482
       Headbutt          |     9 |     6 |     5 |    85 |   347 |   166 |   411 |       |       ||  1029
       Tailslap          |     5 |     5 |    12 |    67 |   310 |   176 |   661 |   358 |   721 ||  2315
       Punch             |     2 |     1 |     3 |    17 |       |       |       |       |       ||    23
       Bite              |       |       |       |       |   158 |   130 |   522 |   252 |   579 ||  1641
Throw: Dart              |       |    18 |     8 |    31 |     1 |       |       |       |       ||    58
       Throwing net      |       |       |       |     2 |       |       |       |       |       ||     2
 Cast: Beastly Appendage |    30 |    15 |     6 |    49 |   143 |    57 |   299 |    51 |     1 ||   651
       Wereblood         |     1 |       |     1 |     3 |     3 |     3 |     5 |     6 |       ||    22
       Spider Form       |       |     1 |    43 |    30 |     5 |       |    10 |     1 |       ||    90
       Cause Fear        |       |       |       |     4 |     1 |       |     3 |     1 |     3 ||    12
       Gell's Gravitas   |       |       |       |    27 |     9 |     9 |    22 |     9 |    11 ||    87
       Teleport Other    |       |       |       |     3 |     4 |       |     2 |       |       ||     9
       Ice Form          |       |       |       |     3 |       |       |       |       |       ||     3
       Passage of Golubr |       |       |       |       |     9 |       |     3 |     2 |     3 ||    17
       Yara's Violent Un |       |       |       |       |    14 |    50 |   122 |    40 |    33 ||   259
       Lesser Beckoning  |       |       |       |       |       |    40 |    87 |    14 |    43 ||   184
       Blink             |       |       |       |       |       |     9 |    15 |     3 |     8 ||    35
       Dispersal         |       |       |       |       |       |     2 |    79 |    11 |    34 ||   126
       Inner Flame       |       |       |       |       |       |       |    30 |    17 |       ||    47
       Passwall          |       |       |       |       |       |       |     2 |       |    11 ||    13
       Apportation       |       |       |       |       |       |       |     1 |     1 |     2 ||     4
       Statue Form       |       |       |       |       |       |       |       |    59 |   273 ||   332
       Manifold Assault  |       |       |       |       |       |       |       |       |    56 ||    56
       Iskenderun's Myst |       |       |       |       |       |       |       |       |     2 ||     2
Invok: Wall of Briars    |       |       |     4 |    17 |    15 |     7 |    33 |     5 |    11 ||    92
       Grow Ballistomyce |       |       |     1 |     4 |     6 |     1 |    11 |     6 |    10 ||    39
       Grow Oklob        |       |       |       |       |     2 |     1 |     4 |     1 |     7 ||    15
 Abil: Breathe Acid      |       |       |    36 |    74 |   141 |    34 |   181 |    35 |     2 ||   503
       End Transformatio |       |       |     4 |     9 |     4 |       |     6 |     1 |    14 ||    38
Evoke: Wand              |       |     7 |    18 |    39 |    17 |     3 |    25 |    10 |    16 ||   135
       Phantom mirror    |       |       |       |       |     2 |       |     1 |       |       ||     3
       Phial of floods   |       |       |       |       |       |       |     2 |     2 |     2 ||     6
       Tin of tremorston |       |       |       |       |       |       |     2 |       |     1 ||     3
       Condenser vane    |       |       |       |       |       |       |     2 |     1 |     1 ||     4
  Use: Scroll            |       |     4 |    10 |    11 |    13 |     4 |    13 |     3 |    21 ||    79
       Potion            |       |     1 |     1 |     9 |     9 |     2 |     3 |     4 |    15 ||    44
 Stab: Sleeping          |       |     1 |     1 |     1 |     7 |     1 |     7 |     1 |     1 ||    20
       Paralysed         |       |       |     3 |    11 |       |       |       |       |       ||    14
       Distracted        |       |       |       |       |     1 |     1 |     1 |       |     8 ||    11
       Confused          |       |       |       |       |       |       |     7 |     3 |     4 ||    14
Armor: Skin              |    28 |    15 |    58 |   163 |   442 |   173 |   950 |   481 |  1667 ||  3977
Dodge: Dodged            |    44 |    31 |   231 |   439 |   778 |   320 |  1809 |   715 |  2064 ||  6431
Block: Buckler           |       |       |       |    38 |   881 |   444 |  2114 |   949 |  2048 ||  6474
       Reflection        |       |       |       |       |    23 |    48 |    33 |    15 |    29 ||   148
       Other             |       |       |       |       |       |       |    12 |     1 |       ||    13

Table legend: (Time is in decaauts)
 A = Elapsed time spent in this place.
 B = Non-inter-level travel time spent in this place.
 C = Inter-level travel time spent in this place.
 D = Time resting spent in this place.
 E = Time spent auto-exploring this place.
 F = Levels seen in this place.
 G = Mean time per level.
                   A        B        C        D        E       F      G
               +--------+--------+--------+--------+--------+-----+--------+
         Total | 160004 | 150899 |   9105 |  61529 |  54371 |  63 | 2539.7 |
       Dungeon |  31553 |  27786 |   3767 |   8845 |  12189 |  15 | 2103.5 |
        Temple |    195 |    167 |     28 |      0 |    155 |   1 |  195.0 |
          Lair |  22056 |  20107 |   1949 |   9614 |   4807 |   6 | 3676.0 |
         Swamp |  10786 |  10467 |    319 |   5556 |   2884 |   4 | 2696.5 |
   Spider Nest |  13893 |  13502 |    391 |   6928 |   4122 |   4 | 3473.2 |
    Slime Pits |   4073 |   3921 |    152 |   1144 |   1478 |   5 |  814.6 |
  Orcish Mines |   4517 |   4121 |    396 |   1791 |   1501 |   2 | 2258.5 |
   Elven Halls |  13775 |  13479 |    296 |   7226 |   3165 |   3 | 4591.7 |
        Vaults |  16367 |  15955 |    412 |   5998 |   6827 |   4 | 4091.8 |
         Crypt |   7772 |   7492 |    280 |   1663 |   3897 |   3 | 2590.7 |
        Depths |  14356 |  13421 |    935 |   4231 |   6514 |   4 | 3589.0 |
           Zot |  16389 |  16215 |    174 |   6978 |   5764 |   5 | 3277.8 |
         Abyss |    417 |    417 |      0 |    158 |      1 |   4 |  104.2 |
        Bailey |    760 |    760 |      0 |    203 |      5 |   1 |  760.0 |
      Ice Cave |   1949 |   1949 |      0 |    474 |    996 |   1 | 1949.0 |
       Volcano |   1139 |   1139 |      0 |    717 |     61 |   1 | 1139.0 |
               +--------+--------+--------+--------+--------+-----+--------+

Top non-repeatable levels by time:
Depths:4: 6502 daAuts
  Lair:6: 5750 daAuts
Spider:3: 5573 daAuts
Vaults:3: 5523 daAuts
  Lair:2: 4901 daAuts
Spider:2: 4845 daAuts
   Elf:3: 4827 daAuts
   Zot:5: 4790 daAuts
   Elf:2: 4589 daAuts
   Elf:1: 4358 daAuts
   Zot:4: 4220 daAuts
 Crypt:3: 4209 daAuts
Depths:2: 4178 daAuts
Vaults:2: 4113 daAuts
    D:13: 3742 daAuts
